 Dungeon Crawl Stone Soup version 0.28.0-45-g0d030f2227 (webtiles) character file.

Game seed: 2189162330962479339

18333 zeratav the Severer (level 12, 0/112 HPs)
             Began as a Minotaur Berserker on Apr 2, 2022.
             Was a High Priest of Trog.
             Slain by a yak (10 damage)
             ... on level 1 of the Lair of Beasts.
             The game lasted 00:39:14 (10388 turns).

zeratav the Severer (Minotaur Berserker)           Turns: 10388, Time: 00:39:14

Health: 0/112      AC: 10    Str: 27    XL:     12   Next: 26%
Magic:  11/11      EV: 14    Int:  7    God:    Trog [*****.]
Gold:   669        SH:  5    Dex: 16    Spells: 11/11 levels left

rFire   + + .      SeeInvis +   n - +0 mace "Zuodoll" {flame, rF+ rCorr Int+3 SInv}
rCold   x . .      Faith    .   s - +0 buckler
rNeg    + + .      Spirit   .   C - +3 leather armour {rPois}
rPois   +          Reflect  .   (helmet restricted)
rElec   .          Harm     .   (no cloak)
rCorr   +          Rampage  .   j - +0 pair of gloves
Will    +....                   y - +0 pair of boots
Stlth   ++........              b - amulet of the acrobat
HPRegen 1.28/turn               l - ring "Hoonwiqo" {Fire rN++ Will- Slay+5}
MPRegen 0.12/turn               L - +6 ring of dexterity

@: strong-willed, on berserk cooldown, regenerating, slowed, very slow
A: horns 2, retaliatory headbutt
a: Renounce Religion, Berserk, Trog's Hand, Brothers in Arms


You were on level 1 of the Lair of Beasts.
You worshipped Trog.
Trog was extremely pleased with you.
You visited 2 branches of the dungeon, and saw 11 of its levels.
You also visited: Bailey.

You collected 669 gold pieces.

Inventory:

Hand Weapons
 g - a +2 vorpal mace
 n - the +0 mace "Zuodoll" (weapon) {flame, rF+ rCorr Int+3 SInv}
   (You found it on level 4 of the Dungeon)

   It burns those it strikes, dealing additional fire damage.
   Int:       It affects your intelligence (+3).
   rF:        It protects you from fire.
   SInv:      It lets you see invisible.
   rCorr:     It protects you from acid and corrosion.
 E - a +2 vorpal hand axe
 I - a +1 broad axe
 K - a +4 hunting sling
Missiles
 e - 40 poisoned darts (quivered)
 H - 6 silver boomerangs
Armour
 j - a +0 pair of gloves (worn)
 m - a +1 ring mail of cold resistance
 p - a +0 plate armour
 s - a +0 buckler (worn)
 y - a +0 pair of boots (worn)
 C - a +3 leather armour of poison resistance (worn)
Jewellery
 b - an amulet of the acrobat (around neck)
 l - the ring "Hoonwiqo" (left hand) {Fire rN++ Will- Slay+5}
   (You found it on level 2 of the Dungeon)

   [ring of fire]

   It enhances your fire magic.
   Slay:      It affects your accuracy & damage with ranged weapons and melee
   (+5).
   rF:        It protects you from fire.
   rC:        It makes you vulnerable to cold.
   rN:        It greatly protects you from negative energy.
   Will:      It decreases your willpower.
 L - a +6 ring of dexterity (right hand)
Wands
 a - a wand of iceblast (8)
 f - a wand of digging (3)
 x - a wand of flame (15)
Scrolls
 d - 7 scrolls of teleportation
 k - 3 scrolls of fog
 q - a scroll of fear
 t - 2 scrolls of identify
 D - a scroll of blinking
 G - a scroll of summoning
Potions
 c - 2 potions of haste {unknown}
 h - 2 potions of invisibility
 i - 4 potions of curing {unknown}
 o - 4 potions of flight {unknown}
 r - 2 potions of ambrosia
 u - 2 potions of lignification {unknown}
 v - 2 potions of brilliance {unknown}
 w - a potion of mutation {unknown}
 z - 3 potions of magic
 A - 4 potions of heal wounds {unknown}
 B - 2 potions of attraction {unknown}
 F - 2 potions of cancellation {unknown}
 J - a potion of berserk rage {unknown}


   Skills:
 + Level 11.9 Fighting
 + Level 15.0(15.2) Axes
 + Level 3.5(10.4) Maces & Flails
 + Level 0.1 Throwing
 + Level 12.7 Armour
 + Level 6.5 Dodging
 + Level 2.1 Stealth
 + Level 3.9 Shields
 + Level 0.9 Evocations


You had 11 spell levels left.
You didn't know any spells.
Your spell library was empty.

Dungeon Overview and Level Annotations

Branches:
Dungeon (10/15)            Temple (0/1) D:5            Lair (1/6) D:8
    Orc (0/2) D:10         Bailey (visited)

Altars:
Cheibriados
Elyvilon
Hepliaklqana
Makhleb
Nemelex Xobeh
Qazlal
Ru
Uskayaw

Shops:
D:2 !   D:10 (


Innate Abilities, Weirdness & Mutations

You have a pair of horns on your head.
You reflexively headbutt those who attack you in melee.


Message History

You block the wolf's attack.
Okay, then.
You bludgeon the yak!! You burn the yak.
You kill the yak!
Trog accepts your kill. The bullfrog hits you.
* * * LOW HITPOINT WARNING * * *
The wolf bites you but does no damage.
The electric eel shoots out a bolt of lightning at you!
The bolt of electricity hits you.
* * * LOW HITPOINT WARNING * * *
You block the wolf's attack.
A yak comes into view.
The bullfrog snags a nearby fly with its tongue.
Found 6 gold pieces.
You feel a strong urge to attack something.
A yak comes into view.
You are no longer berserk.
You are exhausted.
You feel yourself slow down.
Read: 2 scrolls of fear
Press: ? - help, Q - select action, (/) - cycle Dir - look around, f - activate
Okay, then.
As you read the scroll of fear, it crumbles to dust.
You assume a fearsome visage.
The wolf looks frightened! x2
The yak looks frightened! x4; The electric eel looks frightened!
A yak comes into view.
Found a book of Dreams.
The bullfrog completely misses you.
You hit the bullfrog. You burn the bullfrog.
The bullfrog is moderately wounded.
The sentinel's mark upon you fades away.
The bullfrog hits you but does no damage.
The bullfrog barely misses you. You furiously retaliate!
You headbutt the bullfrog!
You kill the bullfrog!
Trog accepts your kill.
Your skin crawls.
You feel strong-willed. The yak gores you!
You die...

#.##...###....# .#.
.#.......##....##...
.........##........#
.............$....# ##
.......YY.!.....#.#...
##....Y†Y.......P...
#....#Yh...#....... ##
#....#h..###....... .##
#...##...#Y@......#
..####†..#....Y....$....
....##...#..#........#..
........................
(.............#..#......
.††≈....P≈≈≈##..##:...#.
.≈P≈≈≈≈≈≈P≈≈≈#### #.....
#≈≈≈≈≈PP≈≈P≈## ...#.
≈≈≈P≈≈≈≈PP≈≈#


You could see 2 yaks.

Vanquished Creatures
  A yaktaur captain (D:9)
  2 vault guards (Bailey)
  2 hydras
  Erica (D:8)
  3 two-headed ogres
  Pikel (D:6)
  A deep elf pyromancer (D:8)
  5 centaur zombies
  2 black mambas (Lair:1)
  The ghost of belegose the Envoy of Void, a novice DsAK of Lugonu (D:9)
  A kobold demonologist (D:9)
  A komodo dragon (Lair:1)
  2 trolls
  Prince Ribbit (Bailey)
  3 wyverns
  2 shadows
  13 yaks
  4 humans (Bailey)
  A steam dragon (D:6)
  4 basilisks
  Menkaure (D:6)
  Duvessa (D:6)
  6 orc warriors
  5 water moccasins (D:8)
  3 necrophages
  An ice beast (D:4)
  2 black bears
  2 wolves (Lair:1)
  3 ogres
  A lemure (D:6)
  3 kobold brigands
  A phantom (D:5)
  3 gnoll sergeants
  12 bullfrogs
  A scorpion (D:5)
  2 water moccasin zombies (D:6)
  2 water moccasin skeletons (D:5)
  Dowan (D:6)
  10 killer bees
  A howler monkey (D:5)
  4 wights (D:8)
  An electric eel (Lair:1)
  A bullfrog zombie (D:7)
  4 hounds
  A gnoll shaman (D:8)
  5 orc priests
  A jelly (D:5)
  A bullfrog skeleton (D:5)
  6 iguanas
  A scorpion zombie (D:5)
  Terence (D:3)
  7 orc wizards
  4 howler monkey zombies
  22 gnolls
  A howler monkey skeleton (D:5)
  7 adders
  An ufetubus (D:5)
  An adder skeleton (D:4)
  4 dart slugs
  42 orcs
  8 endoplasms
  5 giant cockroaches
  14 goblins
  8 hobgoblins
  2 jackals (D:3)
  2 quokkas
  9 ball pythons
  4 bats
  6 frilled lizards
  23 kobolds
  3 rats (D:1)
311 creatures vanquished.

Vanquished Creatures (others)
  A bush (D:8)
  5 fungi
  23 plants
29 creatures vanquished.

Grand Total: 340 creatures vanquished

Notes
Turn   | Place    | Note
-------+----------+-------------------------------------------
     0 | D:1      | zeratav the Minotaur Berserker began the quest for the Orb.
     0 | D:1      | Reached XP level 1. HP: 19/19 MP: 0/0
    17 | D:1      | Found a faded altar of an unknown god.
   129 | D:1      | Reached XP level 2. HP: 23/27 MP: 1/1
   232 | D:1      | Reached skill level 4 in Axes
   998 | D:2      | Reached ** piety under Trog
  1225 | D:2      | Reached XP level 3. HP: 33/33 MP: 2/2
  1325 | D:2      | Identified the ring "Hoonwiqo" {Fire rN++ Will- Slay+5}
  1512 | D:2      | Found Hul Qoppan's Distillery.
  2012 | D:3      | Reached XP level 4. HP: 37/41 MP: 3/3
  2145 | D:3      | Noticed Terence
  2344 | D:3      | Reached skill level 5 in Axes
  2471 | D:3      | Found a sacrificial altar of Ru.
  2605 | D:4      | Noticed a two-headed ogre
  2606 | D:4      | Noticed a necrophage
  2841 | D:4      | Reached XP level 5. HP: 47/47 MP: 4/4
  2970 | D:3      | Killed Terence
  3073 | D:4      | Noticed a black bear
  3078 | D:4      | Killed a two-headed ogre
  3079 | D:4      | Reached skill level 5 in Fighting
  3079 | D:4      | Reached skill level 7 in Axes
  3079 | D:4      | Reached skill level 5 in Armour
  3079 | D:4      | Reached XP level 6. HP: 52/56 MP: 5/5
  3079 | D:4      | Reached XP level 7. HP: 57/61 MP: 6/6
  3089 | D:4      | Reached skill level 8 in Axes
  3089 | D:4      | Reached XP level 8. HP: 65/70 MP: 7/7
  3205 | D:4      | Reached *** piety under Trog
  3234 | D:4      | Identified the +1 robe "Wusiuk" {Rampage Fly}
  3437 | D:4      | Identified the +0 mace "Zuodoll" {flame, rF+ rCorr Int+3
                  | SInv}
  3721 | D:5      | Entered Level 5 of the Dungeon
  3742 | D:5      | Found a staircase to the Ecumenical Temple.
  3753 | D:5      | Reached skill level 9 in Axes
  3997 | D:5      | Found a hazy altar of Hepliaklqana.
  4008 | D:5      | Reached XP level 9. HP: 79/79 MP: 8/8
  4187 | D:5      | Reached skill level 10 in Axes
  4208 | D:5      | Reached skill level 5 in Dodging
  4215 | D:5      | Reached skill level 1 in Stealth
  4589 | D:6      | Noticed Pikel
  4606 | D:6      | Killed Pikel
  4606 | D:6      | Reached **** piety under Trog
  4607 | D:6      | Reached skill level 11 in Axes
  4768 | D:6      | Reached skill level 1 in Shields
  4793 | D:6      | Noticed a troll
  4801 | D:6      | Killed a troll
  4802 | D:6      | Reached skill level 1 in Maces & Flails
  4840 | D:6      | Found a stormy altar of Qazlal.
  4851 | D:6      | Noticed Menkaure
  4863 | D:6      | Killed Menkaure
  5158 | D:6      | Noticed Duvessa
  5159 | D:6      | Noticed Dowan
  5168 | D:6      | Killed Duvessa
  5172 | D:6      | Killed Dowan
  5403 | D:6      | Reached XP level 10. HP: 90/90 MP: 9/9
  5406 | D:6      | Reached skill level 12 in Axes
  5462 | D:6      | Found a white marble altar of Elyvilon.
  6649 | D:8      | Noticed a deep elf pyromancer
  6653 | D:8      | Killed a deep elf pyromancer
  6755 | D:8      | Noticed a two-headed ogre
  6756 | D:8      | Noticed a seven-headed hydra
  6765 | D:8      | Killed a seven-headed hydra
  6768 | D:8      | Killed a two-headed ogre
  6769 | D:8      | Reached skill level 13 in Axes
  6872 | D:8      | Noticed Erica
  6896 | D:8      | HP: 3/138 [yak (10)]
  6898 | D:8      | Reached XP level 11. HP: 3/99 MP: 10/10
  6900 | D:8      | HP: 1/99 [poisoned by a water moccasin]
  6911 | D:8      | Killed Erica
  6912 | D:8      | Reached skill level 10 in Armour
  7002 | D:8      | Found a staircase to the Lair.
  7015 | D:8      | Reached skill level 10 in Fighting
  7101 | D:8      | Found a snail-covered altar of Cheibriados.
  7111 | D:8      | Found a flagged portal.
  7144 | Bailey   | Entered a bailey
  7324 | Bailey   | Noticed Prince Ribbit
  7324 | Bailey   | Noticed a vault guard
  7328 | Bailey   | Killed Prince Ribbit
  7333 | Bailey   | Killed a vault guard
  7334 | Bailey   | Reached skill level 14 in Axes
  7367 | Bailey   | Noticed a vault guard
  7389 | Bailey   | Killed a vault guard
  8101 | D:9      | Noticed a yaktaur captain
  8109 | D:9      | Noticed belegose's ghost (novice DsAK)
  8116 | D:9      | Found a runed translucent gate.
  8116 | D:9      | Found a runed translucent gate.
  8116 | D:9      | Found a runed translucent gate.
  8182 | D:9      | Reached ***** piety under Trog
  8345 | D:9      | Found a sparkling altar of Nemelex Xobeh.
  8717 | D:9      | Noticed a two-headed ogre
  8721 | D:9      | Killed a two-headed ogre
  9055 | D:9      | Killed belegose's ghost
  9058 | D:9      | Killed a yaktaur captain
  9395 | D:10     | Entered Level 10 of the Dungeon
  9400 | D:10     | Received a gift from Trog
  9603 | D:10     | Found Sugyh's Weapon Boutique.
  9604 | D:10     | Found a staircase to the Orcish Mines.
  9718 | D:10     | Reached XP level 12. HP: 110/110 MP: 11/11
  9873 | D:10     | Found a hide-covered altar of Uskayaw.
 10113 | D:10     | Found a burning altar of Makhleb.
 10279 | Lair:1   | Entered Level 1 of the Lair of Beasts
 10362 | Lair:1   | Noticed an eight-headed hydra
 10371 | Lair:1   | Killed an eight-headed hydra
 10372 | Lair:1   | Reached skill level 15 in Axes
 10388 | Lair:1   | Slain by a yak

Illustrated notes

Levels and vault maps discovered:
D:1:      psy_arrival_radial01, layout_basic, hellmonk_ecumenical_altar_run_dry
D:2:      layout_loops_ring, serial_shops, nicolae_lakefront_shop,
          moated_statue, fountainhead, minmay_stone_trees_small
D:3:      layout_rooms, mainiacjoe_overflow_concentric_impassable,
          hangedman_abyss_or_decor_stabs, uniq_terence
D:4:      layout_cave_pools, nrook_mini_vaults
D:5:      layout_rooms, lemuel_round_altar, minmay_temple_entry_arrows,
          minmay_misc_feat_tiny, minmay_joined_circles
D:6:      layout_rooms, general_overflow_altar, lemuel_crystal_altar,
          uniq_pikel, uniq_menkaure, uniq_duvessa
D:7:      layout_basic, serial_glass, glass_columns_a, glass_columns_c,
          glass_columns_c, glass_columns_c, glass_columns_b, glass_columns_c,
          minmay_strange_pillars
D:8:      layout_cave_pools, cheibriados_altar_1, minmay_lair_entry_grove,
          enter_bailey_3, kennysheep_island_fort, uniq_erica
D:9:      layout_loops_cross, nemelex_spade_bored_becter, gammafunk_ghost_split,
          nicolae_elevator_lobby_asterisk
D:10:     layout_loops_cross, overflow_temple_1_default,
          nicolae_uskayaw_dance_studio, orc_david_3
Lair:1:   layout_misc_corridors, serial_bayou_shore_a

Skill      XL: |  1  2  3  4  5  6  7  8  9 10 11 12 |
---------------+-------------------------------------+-----
Fighting       | 4 5 7 8 9 11 | 11.9
Axes           | 4 5 7 8 9 11 13 14 15 | 15.0
Armour         | 3 5 6 7 9 12 | 12.7
Dodging        | 4 5 6 |  6.5
Stealth        | 1 2 |  2.1
Shields        | 1 2 3 |  3.9
Maces & Flails | 2 3 |  3.5
Throwing       | |  0.1
Evocations     | |  0.9

Action                   |  1- 3 |  4- 6 |  7- 9 | 10-12 || total
-------------------------+-------+-------+-------+-------++-------
Melee: Hand axe          |    80 |    41 |   151 |   310 ||   582
       Headbutt          |     3 |     9 |    38 |    60 ||   110
       Punch             |       |       |     1 |       ||     1
       Mace              |       |       |    31 |    19 ||    50
Throw: Dart              |       |       |     1 |       ||     1
Invok: Berserk           |       |     2 |     3 |     8 ||    13
       Trog's Hand       |       |     1 |     2 |     5 ||     8
Evoke: Wand              |       |       |     3 |       ||     3
  Use: Scroll            |       |     6 |     3 |     7 ||    16
       Potion            |       |       |       |     1 ||     1
Armor: Animal skin       |     4 |       |       |       ||     4
       Ring mail         |    11 |     4 |    42 |     2 ||    59
       Plate armour      |       |       |       |   112 ||   112
       Leather armour    |       |       |       |    16 ||    16
Dodge: Dodged            |    56 |    27 |   115 |   166 ||   364
Block: Buckler           |       |       |    12 |    54 ||    66
